 Dungeon Crawl Stone Soup version 0.29.1-1-gd02db6906a (webtiles) character file.

Game seed: 9257506616599016838

1072 sanboga the Chopper (level 8, -8/50 HPs)
             Began as a Gargoyle Fighter on Sept 23, 2022.
             Killed from afar by a gargoyle (24 damage)
             ... with a stone arrow
             ... on level 5 of the Dungeon.
             The game lasted 00:04:23 (4510 turns).

sanboga the Chopper (Gargoyle Fighter)              Turns: 4510, Time: 00:04:23

Health: -8/50      AC: 18    Str: 22    XL:     8   Next: 28%
Magic:  8/8        EV:  7    Int:  9    God:
Gold:   212        SH:  5    Dex:  9    Spells: 7/7 levels left

rFire   . . .      SeeInvis .   a - +0 war axe (vorpal)
rCold   . . .      Faith    .   c - +0 buckler
rNeg    + . .      Spirit   .   n - +0 chain mail
rPois   ∞          Reflect  .   (no helmet)
rElec   +          Harm     .   (no cloak)
rCorr   .          Rampage  .   l - +0 pair of gloves
Will    .....                   q - +0 pair of boots
Stlth   ..........              (no amulet)
HPRegen 0.16/turn               (no ring)
MPRegen 0.11/turn               (no ring)

@: mighty, invisible
A: sickness immunity, AC +5, negative energy resistance 1, electricity
resistance, torment resistance 1, petrification resistance
a: no special abilities


You were on level 5 of the Dungeon.
You visited 1 branch of the dungeon, and saw 5 of its levels.

You collected 212 gold pieces.

Inventory:

Hand Weapons
 a - a +0 vorpal war axe (weapon)
Armour
 c - a +0 buckler (worn)
 l - a +0 pair of gloves (worn)
 n - a +0 chain mail (worn)
 q - a +0 pair of boots (worn)
Jewellery
 j - a +6 ring of intelligence
Wands
 o - a wand of iceblast (5)
Scrolls
 f - a scroll of brand weapon
 g - a scroll of blinking
 h - 5 scrolls of teleportation
 i - 4 scrolls of immolation {unknown}
 p - a scroll of summoning {unknown}
 r - a scroll of fog {unknown}
 s - 2 scrolls of magic mapping
Potions
 d - 2 potions of might
 e - a potion of cancellation {unknown}
 k - 2 potions of invisibility
 m - a potion of berserk rage {unknown}


   Skills:
 + Level 5.6 Fighting
 * Level 5.7 Axes
 + Level 5.6 Armour
 + Level 5.6 Shields


You had 7 spell levels left.
You didn't know any spells.
Your spell library contained the following spells:

 Spells                   Type           Power      Damage    Failure   Level
 Slow                     Hex            0%         N/A       99%         1
 Confusing Touch          Hex            0%         N/A       100%        3
 Ozocubu's Armour         Ice            0%         N/A       100%        3
 Vampiric Draining        Necr           0%         2d6       100%        3
 Ozocubu's Refrigeration  Ice            0%         4d7       100%        7


Dungeon Overview and Level Annotations

Branches:
Dungeon (5/15)
 Temple: D:4-7

Altars:
Ashenzari
Elyvilon
Gozag
Okawaru
Qazlal
Sif Muna
Uskayaw
Wu Jian
The Shining One

Annotations:
D:4 1 runed translucent door


Innate Abilities, Weirdness & Mutations

You are immune to sickness and miasma.
Your stone body is resilient. (AC +5)
You are immune to poison.
You resist negative energy. (rN+)
You are resistant to electric shocks. (rElec)
You are resistant to unholy torment.
You are immune to petrification.


Message History

The gargoyle hits you but does no damage.
You completely miss the gargoyle.
The centaur shoots an arrow.
The arrow hits you.
The centaur shoots an arrow.
The arrow hits you but does no damage.
The gargoyle hurls a stone arrow at you.
The stone arrow hits you.
You hit the gargoyle but do no damage.
The centaur shoots an arrow.
The arrow hits you but does no damage. The gargoyle hits you with a +0 mace!
* * * LOW HITPOINT WARNING * * *
The centaur shoots an arrow.
The arrow hits you but does no damage.
You hit the gargoyle but do no damage.
The centaur shoots an arrow.
The arrow hits you.
* * * LOW HITPOINT WARNING * * *
The gargoyle hurls a stone arrow at you.
The stone arrow hits you.
* * * LOW HITPOINT WARNING * * *
The centaur shoots an arrow.
The arrow hits you but does no damage.
You hit the gargoyle but do no damage.
The centaur shoots an arrow.
The arrow hits you but does no damage.
The gargoyle hurls a stone arrow at you.
You block the stone arrow.
The centaur shoots an arrow.
The arrow barely misses you.
The arrow barely misses the gargoyle.
The gargoyle hits you but does no damage.
You feel much better. The gargoyle hits you with a +0 mace.
You feel very mighty all of a sudden.
The centaur shoots an arrow.
The arrow hits you.
* * * LOW HITPOINT WARNING * * *
The centaur shoots an arrow.
You block the arrow. The gargoyle closely misses you.
You fade into invisibility!
The centaur shoots an arrow.
The arrow barely misses you. You block the gargoyle's attack.
You strike the helpless gargoyle from behind!
You hit the gargoyle.
The gargoyle is lightly damaged.
The centaur shoots an arrow.
The arrow barely misses you.
The centaur shoots an arrow.
The arrow closely misses you.
The gargoyle hurls a stone arrow at you.
The stone arrow hits you!!
You die...

.[...........#....#
..................#
#........##..#....#
.... ##
#..######### ## #.
#..###.....#...
#..............
#.....##..c........
...### #...........
... #...@......$ ..
#.>...9....... .
....#...........
#####...........
##..........
##.....#...
##.....#.<
..P.P...#


You could see a gargoyle (unable to see you) and a centaur (unable to see you).

Vanquished Creatures
  The ghost of Godmorgon the Trooper, an amateur GnWn (D:4)
  Grinder (D:3)
  An ice beast (D:5)
  An ogre (D:4)
  A centaur (D:5)
  2 phantoms
  A necrophage (D:4)
  A jelly (D:5)
  An iguana (D:4)
  3 adders (D:4)
  3 gnolls (D:4)
  5 dart slugs
  5 orcs
  3 ball pythons
  4 bats
  10 endoplasms
  5 goblins
  9 hobgoblins
  4 quokkas
  2 frilled lizards
  6 kobolds
  4 rats
73 creatures vanquished.

Notes
Turn   | Place    | Note
-------+----------+-------------------------------------------
     0 | D:1      | sanboga the Gargoyle Fighter began the quest for the Orb.
     0 | D:1      | Reached XP level 1. HP: 14/14 MP: 1/1
   121 | D:1      | Reached XP level 2. HP: 19/19 MP: 2/2
   153 | D:1      | Found a faded altar of an unknown god.
  1083 | D:2      | Reached XP level 3. HP: 15/23 MP: 3/3
  1766 | D:3      | Noticed Grinder
  1771 | D:3      | HP: 1/23 [orc/+0 flail (6)]
  1788 | D:3      | Paralysed by Grinder for 4 turns
  1793 | D:3      | Paralysed by Grinder for 2 turns
  1796 | D:3      | Killed Grinder
  1797 | D:3      | Reached XP level 4. HP: 6/30 MP: 4/4
  1797 | D:3      | Reached XP level 5. HP: 7/34 MP: 5/5
  1797 | D:3      | Reached XP level 6. HP: 8/39 MP: 6/6
  2126 | D:3      | Found an iron altar of Okawaru.
  2128 | D:3      | Found an ornate altar of the Wu Jian Council.
  2128 | D:3      | Found a glowing golden altar of the Shining One.
  2132 | D:3      | Found a stormy altar of Qazlal.
  2132 | D:3      | Found a shimmering blue altar of Sif Muna.
  2134 | D:3      | Found a broken altar of Ashenzari.
  2134 | D:3      | Found an opulent altar of Gozag.
  2556 | D:4      | Found a runed translucent door.
  2597 | D:4      | Noticed Godmorgon's ghost (amateur GnWn)
  2651 | D:4      | Identified the +5 trident of Tender Mercy {drain, rC+ Dex+5
                  | SInv}
  3220 | D:4      | Reached XP level 7. HP: 31/44 MP: 7/7
  3342 | D:4      | Found a runed translucent door.
  3646 | D:4      | Reached skill level 5 in Shields
  4023 | D:4      | Reached skill level 5 in Armour
  4041 | D:4      | Killed Godmorgon's ghost
  4042 | D:4      | Reached skill level 5 in Fighting
  4042 | D:4      | Reached skill level 5 in Axes
  4326 | D:5      | Entered Level 5 of the Dungeon
  4326 | D:5      | Found a white marble altar of Elyvilon.
  4338 | D:5      | Found a hide-covered altar of Uskayaw.
  4351 | D:5      | Reached XP level 8. HP: 50/50 MP: 8/8
  4497 | D:5      | Noticed a gargoyle
  4505 | D:5      | HP: 1/50 [gargoyle/stone arrow (6)]
  4510 | D:5      | Killed from afar by a gargoyle

Illustrated notes

Levels and vault maps discovered:
D:1:      reono_arrival_mine, layout_basic,
          chequers_ecumenical_altar_simple_redux
D:2:      layout_loops_cross
D:3:      layout_basic, grunt_temple_overflow_open, uniq_grinder
D:4:      layout_basic, ebering_ghost_sewer_f, minivault_25,
          minmay_quadrilaterals
D:5:      layout_rooms, mainiacjoe_overflow_large_starburst,
          minmay_temple_entry_trees

Skill      XL: |  1  2  3  4  5  6  7 |
---------------+----------------------+-----
Axes           | 2 3 4 5 |  5.7
Fighting       | 4 5 |  5.6
Armour         | 4 5 |  5.6
Shields        | 4 5 |  5.6

Action                   |  1- 3 |  4- 6 |  7- 9 || total
-------------------------+-------+-------+-------++-------
Melee: War axe           |    99 |   104 |    70 ||   273
  Use: Potion            |     3 |       |     5 ||     8
       Scroll            |       |       |     7 ||     7
 Stab: Invisible         |     1 |       |     1 ||     2
Armor: Scale mail        |    37 |       |       ||    37
       Chain mail        |     9 |    84 |    55 ||   148
Dodge: Dodged            |    54 |    30 |    30 ||   114
Block: Buckler           |    27 |    21 |    26 ||    74
